 Dungeon Crawl Stone Soup version 0.28.0-45-g0d030f2227 (webtiles) character file.

Game seed: 18243025378700533484

221 Mitsuki the Conjurer (level 5, -1/28 HPs)
             Began as a Deep Elf Conjurer on Apr 6, 2022.
             Killed by nerve-wracking pain
             ... invoked by Grinder
              (9 damage)
             ... on level 4 of the Dungeon.
             The game lasted 00:05:17 (3343 turns).

Mitsuki the Conjurer (Deep Elf Conjurer)            Turns: 3343, Time: 00:05:18

Health: -1/28      AC:  4    Str:  4    XL:     5   Next: 65%
Magic:  2/14       EV: 12    Int: 25    God:
Gold:   134        SH:  0    Dex: 13    Spells: 3/14 levels left

rFire   . . .      SeeInvis .   b - +0 dagger
rCold   . . .      Faith    .   (no shield)
rNeg    . . .      Spirit   .   a - +0 robe
rPois   .          Reflect  .   (no helmet)
rElec   .          Harm     .   h - +0 cloak
rCorr   .          Rampage  .   f - +0 pair of gloves
Will    .....                   (no boots)
Stlth   ++........              (no amulet)
HPRegen 0.09/turn               (no ring)
MPRegen 0.14/turn               (no ring)

@: no status effects
A: no striking features
a: no special abilities


You were on level 4 of the Dungeon.
You visited 1 branch of the dungeon, and saw 4 of its levels.

You collected 134 gold pieces.

Inventory:

Hand Weapons
 b - a +0 dagger (weapon)
Armour
 a - a +0 robe (worn)
 f - a +0 pair of gloves (worn)
 h - a +0 cloak (worn)
Scrolls
 e - a scroll of enchant weapon {unknown}
 i - a scroll of enchant armour {unknown}
 j - 3 scrolls of fog {unknown}
 l - a scroll of fear {unknown}
 m - a scroll of identify {unknown}
Potions
 c - 2 potions of degeneration {unknown}
 d - 2 potions of attraction {unknown}
 g - 3 potions of curing {unknown}
 k - 2 potions of flight {unknown}


   Skills:
 - Level 2.4 Dodging
 - Level 2.4 Stealth
 + Level 5.1 Spellcasting
 * Level 6.8 Conjurations


You had 3 spell levels left.
You knew the following spells:

 Your Spells              Type           Power      Damage    Failure   Level
a - Magic Dart            Conj           100%       1d8       1%          1
b - Searing Ray           Conj           80%        2d7       1%          2
c - Iskenderun's Mystic   Conj/Tloc      23%        2d6       21%         4
d - Hailstorm             Conj/Ice       23%        3d7       21%         4

Your spell library contained the following spells:

 Spells                   Type           Power      Damage    Failure   Level
 Dazzling Flash           Conj/Hex       46%        N/A       6%          3
 Sublimation of Blood     Necr           6%         N/A       12%         2
 Fulminant Prism          Conj/Hex       11%        3d9       21%         4
 Agony                    Necr           6%         N/A       92%         5


Dungeon Overview and Level Annotations

Branches:
Dungeon (4/15)
 Temple: D:4-7

Altars:
Makhleb
Ru

Shops:
D:2 =

Annotations:
D:4 Grinder, Menkaure


Message History

* * * LOW MAGIC WARNING * * *
You now have 0/14 mp.
Without enough magic to sustain it, your searing ray dissipates.
Grinder says, "Don't move a muscle."
Grinder gestures at you.
You struggle to resist.
You aren't carrying any items that you can evoke.
Grinder is nearby!
You aren't carrying any items that you can evoke.
Unknown command.
Grinder says, "I used to sell toenails on the black market."
Grinder gestures at you. Pain shoots through your body!
You take 5 damage, and have 23/28 hp.
You see here a stone.
Casting: Searing Ray (safe; 1% risk of failure)
Confirm with . or Enter, or press ? or * to list all spells.
Aiming: Searing Ray (safe; 1% risk of failure)
Press: ? - help, Shift-Dir - straight line, f/p - Grinder
Aim: Grinder (heavily wounded, 80% to hit)
The searing ray hits Grinder.
Grinder is severely wounded. (Press . to maintain the ray.)
* * * LOW MAGIC WARNING * * *
You now have 2/14 mp.
The searing ray hits Grinder.
Grinder is severely wounded.
* * * LOW MAGIC WARNING * * *
Grinder gestures at you.
You suddenly lose the ability to move!
Grinder gestures at you. Pain shoots through your body!
Ouch! That really hurt!
Grinder hits you.
You writhe in agony.
* * * LOW HITPOINT WARNING * * *
You can move again.
You take 17 damage, and have 8/28 hp.
MASSIVE DAMAGE!!
Grinder gestures at you. Pain shoots through your body!
You die...

.....#.....##.....8...........
.....##.......................
..####...######...8...........
## ##.....#####...............
#...##....#..... ..........
#...##........# ....#....
#....##......## #.##...>
######....#.......# . #....
##.....>..##...@...##.. #....
...............(##...# ##..
#######.#######5#..### ##.
######.#######....# ##
#...........##....# #
#.####.####.##...## #
#.####.####.##...#
#.##.....##.##...#
.##.##.###.##.##.#.#


You could see Grinder.

Vanquished Creatures
  A hound (D:4)
  Natasha (thrice) (D:3)
  A howler monkey skeleton (D:4)
  3 adders
  A worm (D:3)
  8 orcs
  7 bats
  3 endoplasms
  5 giant cockroaches
  5 goblins
  6 hobgoblins
  3 quokkas
  16 ball pythons
  4 frilled lizards
  3 kobolds
  4 rats
73 creatures vanquished.

Notes
Turn   | Place    | Note
-------+----------+-------------------------------------------
     0 | D:1      | Mitsuki the Deep Elf Conjurer began the quest for the Orb.
     0 | D:1      | Reached XP level 1. HP: 10/10 MP: 6/6
   231 | D:1      | Reached XP level 2. HP: 15/15 MP: 5/8
   234 | D:1      | Learned a level 2 spell: Searing Ray
   420 | D:1      | Reached skill level 5 in Conjurations
   855 | D:2      | Reached XP level 3. HP: 19/19 MP: 3/10
  1057 | D:2      | Found Xujocrim's Jewellery Boutique.
  1819 | D:3      | Noticed Natasha
  1823 | D:3      | Killed Natasha
  1824 | D:3      | Reached XP level 4. HP: 18/24 MP: 6/12
  2027 | D:3      | Found a burning altar of Makhleb.
  2167 | D:3      | Learned a level 4 spell: Iskenderun's Mystic Blast
  2178 | D:3      | Got the Handbook of the Evil Glacier
  2196 | D:3      | Reached skill level 6 in Conjurations
  2276 | D:3      | Noticed Natasha
  2281 | D:3      | Killed Natasha
  2469 | D:3      | Found a sacrificial altar of Ru.
  2517 | D:3      | Noticed Natasha
  2520 | D:3      | Killed Natasha
  2521 | D:3      | Reached XP level 5. HP: 28/28 MP: 10/14
  2800 | D:4      | Learned a level 4 spell: Hailstorm
  2800 | D:4      | Noticed Menkaure
  2975 | D:4      | Reached skill level 5 in Spellcasting
  3296 | D:4      | Noticed Grinder
  3338 | D:4      | Paralysed by Grinder for 5 turns
  3343 | D:4      | Killed from afar by Grinder

Illustrated notes

Levels and vault maps discovered:
D:1:      giann_horns, layout_rooms, minmay_crystal_water, minmay_hexomino_c4
D:2:      layout_basic, serial_shops, shop
D:3:      layout_basic, bloody_makhleb, mainiacjoe_overflow_surrounded_room,
          uniq_natasha
D:4:      layout_cave_pools, tgw_sif, temple_green, serial_column_ruins,
          column_ruins_corridor_straight, column_ruins_open_medium,
          column_ruins_open_small, column_ruins_grid_1, column_ruins_grid_1,
          column_ruins_open_small, column_ruins_columns_straight,
          roderic_nine_men_s_morris, uniq_menkaure, uniq_grinder

Skill      XL: |  1  2  3  4  5 |
---------------+----------------+-----
Conjurations   | 5 6 |  6.8
Spellcasting   | 4 5 |  5.1
Dodging        | |  2.4
Stealth        | |  2.4

Action                   |  1- 3 |  4- 6 || total
-------------------------+-------+-------++-------
Melee: Dagger            |       |     2 ||     2
 Cast: Magic Dart        |    64 |    76 ||   140
       Searing Ray       |     1 |     4 ||     5
Armor: Robe              |     1 |     5 ||     6
Dodge: Dodged            |     4 |     8 ||    12
